[Event "Julius Baer Generation Cup Prelims 2022"]
[Site "Online"]
[Date "2022.09.14"]
[Round "7.8"]
[White "Le, Quang Liem"]
[Black "Navara, David"]
[Result "1-0"]
[ECO "D38"]
[WhiteElo "2728"]
[BlackElo "2681"]
[Annotator "TA"]
[PlyCount "77"]
[EventDate "2022.09.12"]
[EventType "tourn"]
[EventCountry "NET"]
[SourceTitle "playchess.com"]
[Source "ChessBase"]
[SourceQuality "1"]
[TimeControl "900+10"]

1. Nf3 d5 2. d4 Nf6 3. c4 e6 4. Nc3 Bb4 5. Bg5 h6 6. Bxf6 Qxf6 7. Qa4+ Nc6 8. e3 {[%emt 0:00:01] BESTDEEP} O-O {[%emt 0:00:17] CPLX 3.1. D38: Queen's Gambit Declined: Ragozin Defence (4 Nf3 Bb4).} 9. Be2 {[%emt 0:00:03] CPLX 3.0 7 (Bf1-d3) (=4)} dxc4 {[%emt 0:02:09] CPLX 3.0 13 (Bb4xc3) (=7)} 10. O-O {[%emt 0:00:03] CPLX 3.1} Rd8 {[%emt 0:01:23] [#] CPLX 2.9 4 (Bc8-d7) (=6). The position is equal.} 11. a3 $146 {[%emt 0:00:59] CPLX 2.9 26 (Qa4-b5) (=8)} ({Predecessor:} 11. Bxc4 Qg6 12. Rfd1 Bd7 13. Qb3 Bd6 14. Bd3 Qh5 15. Be2 Qg6 16. Nb5 Rab8 17. Rac1 {½-½ (48) Sargissian,G (2676)-Yu,Y (2668) Antalya 2013}) 11... Bxc3 {[%emt 0:00:37] EASY} 12. bxc3 {[%emt 0:00:00] RECAPT} Bd7 {[%emt 0:00:01][%cal Oc6d4] CPLX 2.6 5 (e6-e5) (=4)} 13. Qxc4 {[%emt 0:00:04] EASY} Rac8 {[%emt 0:00:14] CPLX 2.4 0 (b7-b6) (=4)} 14. Qd3 {[%emt 0:03:45] CPLX 2.4 0 (Qc4-c5) (=5)} Be8 {[%emt 0:00:35] CPLX 2.5 10 (Nc6-a5) (=5)} 15. c4 {[%emt 0:00:34] BESTDEEP} e5 {[%emt 0:01:30][%cal Re5d4] BESTDEEP} 16. d5 {[%emt 0:00:05] CPLX 2.9} Ne7 {[%emt 0:02:04] CPLX 2.8 5 (Nc6-b8) (=4)} 17. Rab1 {[%emt 0:00:18] CPLX 2.5 44 (a3-a4) (=8)} (17. a4 $14) 17... c6 $11 {[%emt 0:00:37][%cal Rc6d5] CPLX 2.6} 18. e4 {[%emt 0:04:23] CPLX 2.7} b5 {[%emt 0:00:04] CPLX 2.3} 19. cxb5 {[%emt 0:00:02] BESTDEEP} cxd5 {[%emt 0:00:01] EASY} 20. Rfc1 {[%emt 0:00:22] CPLX 2.4} d4 {[%emt 0:05:52] CPLX 2.7 13 (Qf6-d6) (=4)} 21. a4 {[%emt 0:00:12][%cal Ba3a4,Ba4a5,Ba5b6,Bb6b7][%mdl 32] CPLX 2.6} Ng6 {[%emt 0:00:22] CPLX 2.6 25 (Qf6-f4) (=5)} 22. g3 {[%emt 0:00:03] Prevents Nf4. CPLX 2.6} Bd7 {[%emt 0:00:05] CPLX 2.6 11 (Qf6-d6) (=6)} 23. a5 {[%emt 0:00:40] CPLX 2.6 0 (Qd3-a3) (=5)} Bh3 {[%emt 0:00:39][%cal Og6f4] CPLX 2.6 20 (Ng6-f8) (=7)} 24. Rxc8 {[%emt 0:01:19] CPLX 3.1 20 (Be2-f1) (=6)} Rxc8 {[%emt 0:00:00] RECAPT} 25. b6 {[%emt 0:00:02] EASY} axb6 {[%emt 0:00:09] CPLX 3.0} 26. axb6 {[%emt 0:00:00] Strongly threatening b7. RECAPT} Rb8 {[%emt 0:00:12] BESTDEEP} 27. Qb5 {[%emt 0:00:57] Threatening b7. MISS-b6-b7 29 (b6-b7) (=6)} d3 $1 {[%emt 0:00:42] EASY} 28. Bd1 {[%emt 0:00:25] BESTDEEP} Bg4 {[%emt 0:01:48] EASY} 29. Kg2 {[%emt 0:00:06] BESTDEEP} d2 {[%emt 0:00:09] CPLX 4.4 35 (Qf6-d6) (=6)} 30. b7 {[%emt 0:00:19] Dancing on a razor blade. CPLX 4.8} Bxf3+ {[%emt 0:00:20] BESTDEEP} 31. Bxf3 {[%emt 0:00:00] [#] Black must now prevent Qd7. RECAPT} Ne7 $2 {[%emt 0:00:04][%mdl 8192] Black cannot hold the game after this. RELBLUND 400 (Qf6-g5) (=23)} (31... Qg5 $16 32. Bd1 Nf4+ 33. Kf1 Ne6) 32. Qc5 $18 {[%emt 0:01:17] Qc7 is the strong threat. BESTDEEP} Nc6 {[%emt 0:00:17] CPLX 3.7} 33. Bg4 {[%emt 0:00:46] CPLX 3.9 313 (Bf3-d1) (=17)} (33. Bd1 $142) 33... Kh7 $2 {[%emt 0:00:09] CPLX 3.8 400 (Qf6-g6) (=36)} (33... Qg6 34. Bf3 Qf6) 34. Rb6 {[%emt 0:00:21] CPLX 3.9. White is clearly winning.} Qg5 {[%emt 0:00:01] EVAL 164 (Qf6-g6) (=41)} 35. Bd1 {[%emt 0:00:11] EVAL} Nd8 {[%emt 0:00:19] BEVAL 316 (Nc6-d4) (=51)} 36. Qc7 {[%emt 0:00:03] BEVAL 26 (Qc5-c8) (=16)} Rxb7 {[%emt 0:00:05] BEVAL} 37. Rxb7 {[%emt 0:00:02] BEVAL} Nxb7 {[%emt 0:00:00] EVAL} 38. Qxb7 {[%emt 0:00:00] RECAPT} Qd8 {[%emt 0:00:29] EVAL 330 (Qg5-f6) (=56)} 39. Qxf7 {[%emt 0:00:04] Weighted Error Value: White=0.23 (precise) /Black=0.56} 1-0

[Event "Julius Baer Generation Cup Prelims 2022"]
[Site "Online"]
[Date "2022.09.14"]
[Round "8.1"]
[White "Giri, Anish"]
[Black "Navara, David"]
[Result "1-0"]
[ECO "D38"]
[WhiteElo "2764"]
[BlackElo "2681"]
[Annotator "TA"]
[PlyCount "83"]
[EventDate "2022.09.12"]
[EventType "tourn"]
[EventCountry "NET"]
[SourceTitle "playchess.com"]
[Source "ChessBase"]
[SourceQuality "1"]
[TimeControl "900+10"]

1. d4 Nf6 2. c4 e6 3. Nf3 d5 4. Nc3 Bb4 5. Qa4+ Nc6 6. e3 O-O 7. Qc2 {[%emt 0:00:01] D38: Queen's Gambit Declined: Ragozin Defence (4 Nf3 Bb4).} Re8 8. Bd2 Bf8 9. Be2 {[%emt 0:00:02] The position is equal.} Nb4 10. Qb1 dxc4 11. Bxc4 b6 12. a3 Ba6 13. Be2 Bxe2 14. Nxe2 {[%emt 0:00:00] [#]} Nbd5 $146 ({Predecessor:} 14... Na6 15. e4 h6 16. e5 Nd5 17. h4 c5 18. Qd3 Nb8 19. Rc1 Nc6 20. O-O Nxd4 21. Nexd4 cxd4 22. Qxd4 {½-½ (33) Sunilduth Lyna,N (2659)-Santos Latasa,J (2675) Ovar 2022}) 15. e4 Ne7 16. e5 Nfd5 17. Ng5 $1 $36 {[%emt 0:01:45][%csl Gg5][%cal Rb1h7][%mdl 2048] Black is under pressure.} Ng6 18. h4 $1 {[%emt 0:00:10] Black must now prevent h5.} Be7 {[%emt 0:00:01] [#]} 19. Nxh7 Bxh4 (19... Kxh7 $2 20. h5 f5 21. hxg6+ Kxg6 22. g4 $18) 20. g3 Kxh7 21. gxh4 Kh8 22. Qe4 f5 (22... Nge7 $14) 23. Qg2 Nf8 24. Rg1 Qd7 25. Bh6 Re7 $14 {[%emt 0:00:05] [#]} 26. Nf4 Kh7 $1 $11 27. Bg5 Rf7 (27... Nxf4 $5 28. Bxf4 (28. Qxa8 Nd3+ 29. Kd2 Qxd4 $11) 28... Qd5 $14) 28. Nh3 (28. Nh5 $14) 28... Rc8 29. O-O-O c5 30. dxc5 (30. Kb1 $11 {and White has nothing to worry.}) 30... Qb5 $2 (30... Rxc5+ $19 31. Kb1 Qb5) 31. Rxd5 exd5 32. Be3 Rfc7 {[%emt 0:01:31] Strongly threatening ...Qd3.} 33. Ng5+ Kh8 34. e6 {[%emt 0:00:00][%cal Be5e6,Be6e7][%mdl 32] Nf7+ is the strong threat.} Rxc5+ $2 (34... Kg8 $11 35. Kb1 Qc4) 35. Bxc5 {[%emt 0:00:03] White threatens Nf7+ and mate.} Qxc5+ 36. Kb1 {[%emt 0:00:01] Threatening mate with Nf7+. Active counter play!} Kg8 37. e7 Ng6 38. Ne6 {[%emt 0:00:18] Against Nf4} Qc2+ 39. Ka1 f4 40. Qxg6 (40. Qxd5 $142 Re8 41. Nc7+ Kh7 42. Nxe8 Kh6 43. Qg5+ Kh7 44. Qh5+ Kg8 45. Nf6+ gxf6 46. e8=Q+ Kg7 47. Qhh8#) 40... Qxg6 $18 41. Rxg6 Kf7 42. Nxf4 {[%emt 0:00:16] Weighted Error Value: White=0.52/Black=0.42} 1-0

[Event "Julius Baer Generation Cup Prelims 2022"]
[Site "Online"]
[Date "2022.09.14"]
[Round "8.2"]
[White "Niemann, Hans Moke"]
[Black "Le, Quang Liem"]
[Result "0-1"]
[ECO "C54"]
[WhiteElo "2688"]
[BlackElo "2728"]
[Annotator "TA"]
[PlyCount "108"]
[EventDate "2022.09.12"]
[EventType "tourn"]
[EventCountry "NET"]
[SourceTitle "playchess.com"]
[Source "ChessBase"]
[SourceQuality "1"]
[TimeControl "900+10"]

1. e4 e5 2. Nf3 Nc6 3. Bc4 Nf6 4. d3 Bc5 5. O-O O-O 6. c3 d6 7. Re1 {[%emt 0:00:01] The modern move.} Bb6 {[%emt 0:00:03] C54: Giuoco Piano: 4 c3 Nf6, main lines with 5 d4 and 5 d3.} 8. a4 a5 9. h3 h6 {[%emt 0:00:27] The position is equal.} 10. Nbd2 Be6 11. Bxe6 fxe6 12. Nc4 Ba7 13. Qb3 (13. Bd2 $11 {might be stronger.}) 13... Qd7 (13... Nh5 $5 14. Qxb7 Qd7 $11) 14. Be3 ({Not} 14. Qxb7 $2 Rfb8 15. Qb5 Rxb5 $19) 14... Bxe3 15. Rxe3 b6 {[%emt 0:02:16] [#]} 16. Rd1 $146 ({Predecessor:} 16. Rae1) 16... Qf7 17. Rde1 Nd7 18. Qc2 Qf6 19. Na3 Rf7 20. Nb5 Nf8 21. Nh2 Ng6 22. Rf3 Nf4 23. g3 Qg6 (23... Nxh3+ $2 24. Kg2 Nf4+ 25. gxf4 $16) 24. h4 Raf8 25. Kh1 Nh5 26. Rxf7 Rxf7 27. Re3 Nf6 28. Qe2 d5 29. Kg1 Rd7 30. Qc2 Rf7 31. Qe2 Rd7 32. Kg2 Rf7 33. Kh3 Kh7 34. Rf3 Kg8 35. Re3 Kh7 36. g4 ({White should try} 36. Rf3 $11) 36... Rd7 37. Na3 Kg8 38. Nc2 Ne7 {[%emt 0:00:16] Black is more active.} (38... Rd8 $17) 39. Ne1 (39. h5 $11 Qg5 40. Ne1) 39... Qe8 $15 40. Ng2 (40. h5 $1 $15) 40... Ng6 $1 $17 41. Rg3 dxe4 42. dxe4 {[%emt 0:00:03] [#]} Qd8 ({Better is} 42... Qa8 $1 43. f3 Qd8) 43. Nf3 {[%emt 0:00:21] Now White is beyond hope.} (43. Qc4 $17) 43... Rd1 $40 {[%emt 0:00:37][%mdl 128] Hoping for ...Rh1+. Black wants a kill.} 44. Kh2 {[%emt 0:03:30] [#] Against Rh1+} Qd3 $1 45. Qxd3 Rxd3 46. Nge1 Rd1 47. Rg1 (47. g5 $142 hxg5 48. Rxg5 Nxh4 49. Nxh4 Rxe1 50. f3) 47... Nxe4 48. Nc2 Nxf2 49. h5 Nf4 {[%emt 0:00:24] Threatens to win with ...Rd3.} 50. Rxd1 Nxd1 51. Nxe5 {[%emt 0:00:02] Black is clearly winning.} Nxb2 52. Nd4 c5 53. Nb5 Nxa4 54. Kg3 (54. c4 $142) 54... Ne2+ {[%emt 0:00:04] Weighted Error Value: White=0.30/Black=0.07 (flawless)} 0-1

[Event "Julius Baer Generation Cup Prelims 2022"]
[Site "Online"]
[Date "2022.09.14"]
[Round "8.4"]
[White "Praggnanandhaa R"]
[Black "Carlsen, Magnus"]
[Result "1/2-1/2"]
[ECO "B06"]
[WhiteElo "2676"]
[BlackElo "2861"]
[Annotator "TA"]
[PlyCount "134"]
[EventDate "2022.09.12"]
[EventType "tourn"]
[EventCountry "NET"]
[SourceTitle "playchess.com"]
[Source "ChessBase"]
[SourceQuality "1"]
[TimeControl "900+10"]

1. e4 g6 2. d4 d6 3. Nc3 Bg7 4. Be3 a6 5. h4 Nf6 6. h5 {[%emt 0:00:01] B06: Modern Defence.} Nxh5 7. Rxh5 gxh5 8. Qxh5 {[%emt 0:00:01] White is slightly better.} e6 9. e5 d5 {[%emt 0:04:25] [#]} (9... b5 $14) 10. O-O-O $146 ({Predecessor:} 10. f4 Nc6 11. Nf3 Kf8 12. g4 f6 13. O-O-O Bd7 14. f5 h6 15. Bd3 Kg8 16. Rg1 {1-0 (35) Petrov,N (2595)-Lee,J (2437) Abu Dhabi 2019}) 10... c5 11. dxc5 {[%emt 0:01:30] aiming for Ne4.} Bd7 12. f4 {[%emt 0:01:50] Threatens to win with Nf3. 0x0.0021d22a0e62dp-1022s more active pieces.} ({Weaker is} 12. Bg5 Qa5 $11) 12... Nc6 {[%emt 0:00:03] [#]} (12... Qa5 $16) 13. Nf3 ({Only move:} 13. Na4 $1 $18) 13... Qa5 14. Ng5 (14. Nd2 $14 {should be considered.}) 14... O-O-O 15. Qxf7 d4 16. Bxd4 ({Not} 16. Nxe6 Bxe6 17. Qxe6+ Kb8 18. Bxd4 Nxd4 $19) 16... Nxd4 17. Qxg7 ({White should try} 17. Rxd4 $16 Bxe5 18. fxe5) 17... Nf5 $11 18. Qf7 Rhf8 19. Qh5 {[%emt 0:01:17] And now c6 would win.} Ne3 {[%emt 0:01:09] [#]} 20. Rxd7 $1 Rxd7 21. Nxe6 {[%emt 0:00:03] Chess con chili.} Rg8 22. Bd3 Nd5 $1 23. Nxd5 {[%emt 0:01:09] Pair of Knights!} ({Don't blunder} 23. Bxh7 $2 Rh8 24. Nf8 Rxf8 $19) 23... Qe1+ (23... Rxd5 $11 {remains equal.} 24. Kd1 Qxa2) 24. Qd1 $16 Qxd1+ 25. Kxd1 Rxd5 26. Ke2 (26. Ke1 $1 $14) 26... Rxg2+ $2 (26... Kd7 $11 {and Black has nothing to worry.} 27. Bf5 Rxg2+ 28. Ke3 h5) 27. Kf3 $18 Rh2 {[%emt 0:00:11] [#]} (27... Rg1 {was worth a try.}) 28. Kg3 $2 ({White has to play} 28. Ke4 $1 $18 Rd7 29. f5) 28... Rh6 $11 29. Ng5 (29. Be4 $5 Rd2 30. Ng5 $14) 29... Rxc5 {[%emt 0:00:09] The position is equal.} 30. Nxh7 Kd7 31. Nf6+ Rxf6 32. exf6 {[%emt 0:00:01][%mdl 4096] Endgame KR-KB} Ke6 33. Kf3 Kxf6 34. Ke3 a5 35. Kd4 Rh5 36. f5 Rh6 37. Kd5 Ke7 38. a4 Rc6 39. b3 Kf6 40. Kd4 Ke7 41. Be4 Rc7 42. Ke5 Rc5+ 43. Bd5 Rxc2 44. f6+ Kd7 45. Bxb7 Re2+ 46. Kf5 Rf2+ 47. Kg6 Ke6 48. Bc8+ Ke5 49. f7 Kd6 50. Ba6 Ke7 {[%emt 0:00:01] Hoping for ...Rf6+.} 51. Bc4 Rf6+ 52. Kg5 Rf2 53. Kg4 Rf6 54. Kh5 Rxf7 55. Bxf7 Kxf7 {[%emt 0:00:00] KPP-KP} 56. Kg5 {[%emt 0:00:11] White threatens Kf5 and mate.} Ke6 57. Kf4 {[%emt 0:00:01] Intending Ke4 and mate.} Kd5 58. Ke3 Kc5 59. Kd3 $1 Kd5 60. Kd2 Kd4 61. Kc2 Kd5 62. Kd3 Kc5 63. Kc3 $1 Kd5 64. b4 axb4+ 65. Kxb4 {[%emt 0:00:00] Kb5 would kill now.} Kc6 66. a5 Kb7 67. a6+ Kxa6 {[%emt 0:00:03] Weighted Error Value: White=0.21 (precise) /Black=0.14 (very precise)} 1/2-1/2

[Event "Julius Baer Generation Cup Prelims 2022"]
[Site "Online"]
[Date "2022.09.14"]
[Round "8.6"]
[White "Ivanchuk, Vasyl"]
[Black "Keymer, Vincent"]
[Result "1-0"]
[ECO "E46"]
[WhiteElo "2678"]
[BlackElo "2693"]
[Annotator "TA"]
[PlyCount "161"]
[EventDate "2022.09.12"]
[EventType "tourn"]
[EventCountry "NET"]
[SourceTitle "playchess.com"]
[Source "ChessBase"]
[SourceQuality "1"]
[TimeControl "900+10"]

1. d4 Nf6 2. c4 e6 3. Nc3 Bb4 4. e3 O-O 5. Nge2 Re8 6. a3 Bf8 7. Ng3 d5 {[%emt 0:00:15] CPLX 2.0} 8. Be2 {[%emt 0:00:01] BESTDEEP. E46: Nimzo-Indian: Rubinstein: 4 e3 0-0 5 Ne2 without early Bd3.} b6 {[%emt 0:00:58] BESTDEEP} 9. cxd5 {[%emt 0:00:31] CPLX 2.2} exd5 {[%emt 0:00:05] RECAPT} 10. b4 {[%emt 0:00:20] BESTDEEP. The position is equal.} c6 {[%emt 0:00:35] BESTDEEP} 11. O-O {[%emt 0:00:07] CPLX 2.1} Be6 {[%emt 0:01:23] [#] CPLX 2.1 4 (Bc8-a6) (=1)} 12. Bd2 $146 ({Predecessor:} 12. Bb2 Nbd7 13. Rc1 b5 14. Nb1 Nb6 15. Nd2 Nc4 16. Nxc4 bxc4 17. Bc3 g6 18. Re1 {0-1 (52) Pranav,A (2106)-Raja,R (2326) Mumbai 2018}) 12... a5 {[%emt 0:00:49] CPLX 2.1 12 (Bf8-d6) (=3)} 13. b5 {[%emt 0:01:54] CPLX 2.3} c5 {[%emt 0:00:03] BESTDEEP} 14. Bd3 {[%emt 0:00:01] CPLX 2.2 40 (Bd2-c1) (=6)} Nbd7 {[%emt 0:00:17] CPLX 2.5 18 (Bf8-d6) (=4)} 15. f4 {[%emt 0:00:17] CPLX 2.5 3 (h2-h3) (=5)} Bg4 {[%emt 0:01:47] CPLX 2.6} 16. Qb1 {[%emt 0:00:03] BESTDEEP} Bd6 {[%emt 0:01:27] CPLX 2.7 0 (Nd7-b8) (=3)} 17. h3 {[%emt 0:02:29] CPLX 2.7} Be6 {[%emt 0:00:04] BESTDEEP} 18. Nge2 {[%emt 0:00:02] CPLX 2.7 49 (Qb1-d1) (=8)} (18. Qd1 $11) 18... Nf8 $15 {[%emt 0:00:45] BESTDEEP} 19. g4 {[%emt 0:00:01] CPLX 2.6 42 (Qb1-a2) (=11)} h6 {[%emt 0:02:43] CPLX 2.7 16 (Be6-c8) (=4)} 20. Rf2 {[%emt 0:01:18] CPLX 2.7 9 (Qb1-e1) (=11)} Rc8 {[%emt 0:02:31] BESTDEEP} 21. Rg2 {[%emt 0:00:03] CPLX 2.7 35 (Qb1-b2) (=13)} cxd4 {[%emt 0:01:17] BESTDEEP} 22. Nxd4 {[%emt 0:01:19] RECAPT} Bc5 {[%emt 0:00:28] CPLX 2.9 38 (Be6-d7) (=6)} 23. Qb2 {[%emt 0:02:50] CPLX 2.8 44 (Nc3-e2) (=14)} Bxd4 {[%emt 0:00:44] RELBLUND 85 (Nf8-g6) (=10)} (23... Ng6 $1 $17 {[%cal Rg6f4] Threatens to win with ...Nxf4!} 24. Na4 Nh4) 24. exd4 $11 {[%emt 0:00:02] RECAPT} Ne4 {[%emt 0:00:00] BESTDEEP} 25. f5 {[%emt 0:01:10] BESTDEEP} ({Of course not} 25. Nxe4 dxe4 26. Bxe4 Bxg4 $1 $17) 25... Bd7 {[%emt 0:00:20] CPLX 3.1 0 (Ne4xc3) (=9)} 26. Re1 {[%emt 0:00:50] RELBLUND 78 (Bd3xe4) (=16)} (26. Bxe4 $11 {keeps the balance.} dxe4 27. Re1) 26... Nxc3 $17 {[%emt 0:00:12] BESTDEEP} 27. Bxc3 {[%emt 0:00:06] RECAPT} Qh4 $1 {[%emt 0:00:17][%csl LRe1,LRh3] CPLX 2.5} 28. Rxe8 {[%emt 0:02:32] EASY} Rxe8 {[%emt 0:00:03] RECAPT} 29. Qf2 {[%emt 0:00:09] Prevents Re3. BESTDEEP} Qxh3 {[%emt 0:00:16] EASY} 30. Rg3 {[%emt 0:00:01] EASY} Qh4 {[%emt 0:00:03] EASY} 31. Qh2 {[%emt 0:00:01] CPLX 3.0 109 (Bc3-d2) (=17)} (31. Bd2 $17) 31... Qf6 {[%emt 0:01:24] CPLX 3.1 23 (Qh4-e7) (=8)} 32. Qg2 {[%emt 0:00:02] CPLX 2.5 0 (Qh2-f2) (=16)} Rc8 {[%emt 0:01:18] CPLX 2.3} 33. Bb2 {[%emt 0:00:08] CPLX 2.5 6 (Bc3-d2) (=16)} Qd6 {[%emt 0:00:07] CPLX 2.3 42 (Qf6-h4) (=9)} 34. g5 {[%emt 0:00:17] CPLX 2.6 48 (Rg3-f3) (=17)} (34. Rf3 $17) 34... hxg5 $19 {[%emt 0:00:01] CPLX 2.6} 35. Rxg5 {[%emt 0:00:02] RECAPT} Qf6 {[%emt 0:00:01] CPLX 3.2 187 (Qd6-h6) (=15)} (35... Qh6 $1 $19 36. f6 g6 37. Qxd5 Re8) 36. Rh5 {[%emt 0:00:00] MISS-Rg5-g3 33 (Rg5-g3) (=17)} Re8 {[%emt 0:00:32] And now ...Re3 would win. BESTDEEP} 37. Qg3 {[%emt 0:00:35] Prevents Re3. BESTDEEP} ({Reject} 37. Qxd5 Re3 38. Bf1 Rg3+ 39. Kf2 Rg5 40. Rxg5 Qxg5 $17) 37... g6 {[%emt 0:00:10] MISS-Qf6-e7 40 (Qf6-e7) (=15)} (37... Qe7 $5 38. Qe5 Nh7 $11) 38. fxg6 {[%emt 0:00:06] CPLX 3.4 0 (a3-a4) (=16)} Nxg6 {[%emt 0:00:02] Strongly threatening ...Qf4. RECAPT} 39. Rxd5 {[%emt 0:00:05] CPLX 4.7} Be6 {[%emt 0:00:14] MISS-Qf6-f4 27 (Qf6-f4) (=15)} 40. Rg5 {[%emt 0:00:24][%cal Rd3g6] CPLX 4.0} Kg7 {[%emt 0:00:11] CPLX 3.9 5 (Kg8-f8) (=15)} 41. Bc3 {[%emt 0:00:11] CPLX 4.3 27 (a3-a4) (=15)} (41. a4 $5 ) 41... Rc8 $1 {[%emt 0:00:05] DEEPSTRONG} 42. Bb2 {[%emt 0:00:05] CPLX 4.6 2 (Bd3xg6) (=15)} Rd8 {[%emt 0:00:19] CPLX 4.4 14 (Rc8-e8) (=14)} 43. a4 {[%emt 0:00:24] CPLX 4.4 14 (Bd3-e4) (=15)} Rd5 {[%emt 0:00:07] BESTDEEP} 44. Re5 {[%emt 0:00:12] CPLX 4.4 0 (Rg5xd5) (=15)} Rxe5 {[%emt 0:00:15] BESTDEEP} 45. dxe5 {[%emt 0:00:01] RECAPT} Qe7 {[%emt 0:00:00] BESTDEEP} 46. Bd4 {[%emt 0:00:08] CPLX 3.5} Qb4 {[%emt 0:00:04] BESTDEEP} 47. Bxb6 {[%emt 0:00:15] CPLX 4.1 0 (Qg3-f2) (=13)} Qxa4 {[%emt 0:00:06] EASY} 48. Kf2 {[%emt 0:00:08] CPLX 4.4} Qa2+ {[%emt 0:00:06] BESTDEEP} 49. Ke3 {[%emt 0:00:01] CPLX 4.6 0 (Kf2-e1) (=13)} a4 {[%emt 0:00:09] MISS-Be6-c4 0 (Be6-c4) (=12)} 50. Bd8 {[%emt 0:00:13] This bishop pair is nice. CPLX 4.0 0 (Bb6-d4) (=13)} Qb3 {[%emt 0:00:07] BESTDEEP} 51. Bf6+ {[%emt 0:00:02] BESTDEEP} Kf8 {[%emt 0:00:18] CPLX 3.8 0 (Kg7-g8) (=11)} 52. Qf3 {[%emt 0:00:13] Inhibits Bf5. White threatens Qa8+ and mate. CPLX 4.1} Bd5 {[%emt 0:00:05] Against Qa8+. BESTDEEP} 53. Qg4 {[%emt 0:00:11][%cal Rg4c8] CPLX 5.1} Be6 {[%emt 0:00:11][%mdl 8192] Inhibits Qc8+. BEVAL 400 (Qb3-c3) (=19)} (53... Qc3 $11) 54. Qd4 $18 {[%emt 0:00:06][%cal Rd4d8] BEVAL} Qd5 {[%emt 0:00:31] EVAL} 55. Qb6 {[%emt 0:00:21] MISS-Qd4-a7 334 (Qd4-a7) (=18)} Qd7 {[%emt 0:00:12] EVAL 327 (Ng6-e7) (=25)} (55... Ne7 $142 56. Qc7 Qd7) 56. Qb8+ $2 {[%emt 0:00:09] CPLX 5.5 400 (Qb6-d6) (=26)} (56. Qd6+ Kg8 57. b6) 56... Qc8 {[%emt 0:00:02] [#] EASY} 57. Qd6+ {[%emt 0:00:06] CPLX 5.9 122 (Qb8xc8) (=28)} (57. Qxc8+ $1 $18 Bxc8 58. Kd4) 57... Kg8 $16 {[%emt 0:00:01] [#] EASY} 58. b6 $2 {[%emt 0:00:02] RELBLUND 174 (Ke3-d2) (=31)} (58. Kd2 $1 $18 {Bxg6 is the strong threat.} a3 59. Qxa3) 58... Qc1+ $11 {[%emt 0:00:15] EASY} 59. Kd4 $1 $132 {[%emt 0:00:09][%mdl 2048] White is not keeping still. EASY} Qg1+ {[%emt 0:00:10] CPLX 6.0 6 (Ng6-f8) (=23)} 60. Kc3 {[%emt 0:00:05] Dancing on a razor blade. EASY} Qe1+ {[%emt 0:00:02] CPLX 5.8} 61. Kb2 Qf2+ 62. Ka3 {[%emt 0:00:15] Hoping for Bxg6.} Qa2+ (62... Nf8 $1 $11) 63. Kb4 $14 Qb3+ 64. Ka5 {[%emt 0:00:06] Black must now prevent Bxg6.} Qc3+ $2 (64... Nf8 $16) 65. Ka6 $18 {[%emt 0:00:06] Bxg6 would kill now.} Nf8 66. b7 Bc8 67. bxc8=Q Qxc8+ 68. Kb5 a3 69. Qxa3 {[%emt 0:00:08] Threatening mate with Qa7.} Ne6 70. Qd6 (70. Qa7 $142 Nc7+ 71. Ka5 Ne8 72. Qg1+ Kf8 73. Qd4 Qa8+ 74. Kb4 Qc8 75. Bb5 Nxf6 76. exf6) 70... Qa8 71. Bc4 {[%emt 0:00:14] White mates.} Qb7+ 72. Ka5 Qa8+ 73. Kb4 Nf4 74. Qd8+ Qxd8 75. Bxd8 Kg7 76. Kc5 Kg6 77. Kd6 Kg7 78. Bf6+ Kf8 79. Bg5 Ng6 80. Bd3 Nh8 81. Bf6 {[%emt 0:00:03] A wild game.  Weighted Error Value: White=0.42/Black=0.14 (very precise)} 1-0

[Event "Julius Baer Generation Cup Prelims 2022"]
[Site "Online"]
[Date "2022.09.14"]
[Round "8.7"]
[White "Duda, Jan-Krzysztof"]
[Black "Wojtaszek, Radoslaw"]
[Result "0-1"]
[ECO "A08"]
[WhiteElo "2731"]
[BlackElo "2696"]
[Annotator "TA"]
[PlyCount "134"]
[EventDate "2022.09.12"]
[EventType "tourn"]
[EventCountry "NET"]
[SourceTitle "playchess.com"]
[Source "ChessBase"]
[SourceQuality "1"]
[TimeControl "900+10"]

1. d3 d5 2. Nf3 Nf6 3. Nbd2 c5 4. e4 Nc6 5. g3 e5 6. Bg2 Be7 7. O-O O-O $1 {[%emt 0:00:03] 7...0-0 scores better than 7...d4.} 8. exd5 Nxd5 ({Don't take} 8... Qxd5 9. Re1 Bg4 10. h3 Bxf3 11. Nxf3 $16) 9. Nc4 {[%emt 0:00:02] A08: King's Indian Attack.} f6 $1 10. c3 Kh8 11. a4 {[%emt 0:00:04] [#] The position is equal.} Be6 $146 ({Predecessor:} 11... Rb8 12. Re1 Bg4 13. h3 Bh5 14. Qe2 Nc7 15. Be3 Ne6 16. Rad1 Qc7 17. g4 Bf7 {½-½ (57) Todorcevic,M (2550)-Davies,N (2475) Lyon 1990}) 12. a5 Qd7 13. Qa4 Rab8 (13... Nc7 $5 14. Qb3 b5 15. axb6 axb6 16. Rxa8 Rxa8 $15) 14. Nfd2 b5 15. axb6 $1 axb6 {[%emt 0:00:01] Strongly threatening ...b5.} 16. Qb5 Qc7 ({Black should try} 16... Bd8 $15) 17. Ra6 $2 {[%emt 0:01:17][%mdl 8192] [#] Black keeps a firm grip on the game.} (17. Re1 $11 {and White has nothing to worry.}) 17... Ncb4 $1 $19 {[%emt 0:00:47][%mdl 512] White must now prevent ...Bd7.} 18. cxb4 (18. Na3 Nxa6) 18... Bd7 19. Na3 Bxb5 20. Nxb5 Qd7 21. Ra7 Qxb5 22. Bxd5 Qxd3 23. Be4 Qd6 24. b5 Qe6 {[%emt 0:00:38] Against Bf5} 25. Bc6 f5 26. Bd7 Qf6 27. Nc4 f4 28. Rc7 Bd8 29. Rc6 Qe7 30. Bh3 Bc7 31. Re1 fxg3 32. hxg3 Qf7 33. Be3 Qxc4 34. Rxc7 Qxb5 35. Rb1 Rf3 36. Rd1 {[%emt 0:00:40] [#]} Rxe3 $1 37. fxe3 Qe2 38. Rdd7 Qxe3+ 39. Kg2 Qe4+ 40. Kh2 Qg6 41. Rf7 Rd8 {[%emt 0:00:29] ...Rd2+ is the strong threat.} 42. Rcd7 {[%emt 0:00:05][%cal Rd7d8] Inhibits Rd2+.} Rg8 43. Bf5 Qg5 44. Kg2 h5 {[%emt 0:00:06] Threatens to win with ...h4.} 45. Kh3 c4 46. Rde7 Qc1 47. Be4 {[%emt 0:00:03] Against Qh1+} Qxb2 {[%emt 0:01:09] aiming for ...Qe2.} 48. Rf5 Qe2 49. Rexe5 g5 {[%emt 0:00:26] ( -> ...g4+)} 50. Bg2 Qg4+ 51. Kh2 h4 52. gxh4 Qxh4+ ({Weaker is} 52... gxh4 53. Rh5+ Kg7 54. Rhg5+ Kh6 55. Rxg4 Rxg4 56. Rb5 $11) 53. Kg1 c3 54. Be4 Qg3+ 55. Kf1 Rd8 56. Bc2 Qh3+ 57. Kg1 Qg4+ (57... Rd2 $2 58. Re8+ Kg7 59. Re7+ Kg6 60. Rf3+ Rxc2 61. Rxh3 $18) 58. Kf1 Qc4+ 59. Kg1 Qd4+ 60. Kg2 Qh4 61. Rf2 g4 62. Ref5 Qh3+ 63. Kg1 g3 64. Re2 {[%emt 0:00:21] [#]} Qh4 (64... Rd1+ $142 $3 65. Bxd1 Qxf5 66. Ba4 b5 67. Bc2 Qf3 68. Bd1 Qd3 69. Re8+ Kg7 70. Bf3 Qd4+ 71. Kg2 Qf2+ 72. Kh3 Qxf3 73. Re7+ Kf6 74. Re1 g2+ 75. Kh2 Qf2 76. Rg1 c2 77. Kh3 Qxg1 78. Kg3 c1=Q 79. Kg4 Qg5+ 80. Kh3 Qh1#) 65. Rfe5 Rf8 {[%emt 0:00:05] Black mates.} 66. Be4 Rf2 67. Re8+ Kg7 {[%emt 0:00:01] Weighted Error Value: White=0.58/Black=0.12 (very precise)} 0-1